 Dungeon Crawl Stone Soup version 0.30-a0-723-gc1506a1cf0 (webtiles) character file.

Game seed: 14117599918106507898

14 kae the Sneak (level 2, -2/13 HPs)
             Began as a Spriggan Enchanter on Jan 28, 2023.
             Frozen to death by an endoplasm (4 damage)
             ... on level 1 of the Dungeon.
             The game lasted 00:00:35 (323 turns).

kae the Sneak (Spriggan Enchanter)                   Turns: 323, Time: 00:00:36

Health: -2/13      AC:  2    Str:  4    XL:     2   Next: 27%
Magic:  1/6        EV: 17    Int: 16    God:
Gold:   15         SH:  0    Dex: 15    Spells: 4/6 levels left

rFire   . . .      SeeInvis +    a - +1 dagger
rCold   . . .      Faith    .    (no shield)
rNeg    . . .      Spirit   .    b - +0 robe
rPois   .          Reflect  .    (helmet restricted)
rElec   .          Harm     .    (no cloak)
rCorr   .          Rampage  .    (gloves unavailable)
Will    .....                    (boots unavailable)
Stlth   +++                      (no amulet)
HPRegen 0.22/turn                (no ring)
MPRegen 0.10/turn                (no ring)

@: very slightly contaminated, very quick
A: very small, no large weapons, unfitting armour, see invisible, speed 3
a: no special abilities


You were on level 1 of the Dungeon.
You visited 1 branch of the dungeon, and saw 1 of its levels.

You collected 15 gold pieces.


Innate Abilities, Weirdness & Mutations

You are very small and have problems with some larger weapons.
You are too small for most types of armour.
You have supernaturally acute eyesight. (SInv)
You cover ground extremely quickly. (Speed+++)


   Skills:
 * Level 1.6 Short Blades
 + Level 2.9 Dodging
 + Level 4.5 Stealth
 + Level 2.8 Spellcasting
 * Level 3.9 Hexes
 * Level 0.0 Ice Magic


You had 4 spell levels left.
You knew the following spells:

 Your Spells              Type           Power      Damage    Failure   Level
a - Ensorcelled Hibernat  Hex/Ice        16%        N/A       13%         2

Your spell library contained the following spells:

 Spells                   Type           Power      Damage    Failure   Level
 Confusing Touch          Hex            14%        N/A       12%         3
 Tukima's Dance           Hex            14%        N/A       12%         3
 Dazzling Flash           Conj/Hex       16%        N/A       26%         3

Inventory:

Hand Weapons
 a - a +1 dagger (weapon)
Missiles
 d - 38 stones (quivered)
 g - 3 poisoned darts
Armour
 b - a +0 robe (worn)
Potions
 c - 2 potions of invisibility
 e - a potion of heal wounds {unknown}
 f - a potion of brilliance {unknown}

Dungeon Overview and Level Annotations

Branches:
Dungeon (1/15) Zot: 5781

Altars:

#### ###### ..... #.....
... ##### #..... ... #...#
#..... #.###.###.### #.....
...........############.#.#
##.###.##J............>#.#
## #
.........#@############.#.#
.#.
#.###.##...#......#####.#.#
.#. #. ... #.#.#
#.......##.... .. ... #.#
...#.$##.......#.....
.#.#.#
#...#.#.#.###.......#.....
.#...#...#...#...#
#.......#..... ##.#.#.#...#
#.#.# ##.#..#.#....#
...#... #.# ..#..
#......#..#.# .#.#.# ...
..#. .# #.........#..


You could see an endoplasm.


Message History

No target in view!
No target in view!
No target in view!
No target in view!
No target in view!
No target in view!
Memorise Ensorcelled Hibernation, consuming 2 spell levels and leaving 4?
You start memorising the spell.
You continue memorising. x2
You finish memorising.
Spell assigned to 'a'.
f - a grey potion Unknown command.
g - 3 poisoned darts Unknown command.
Found a stone staircase leading down.
There is a stone staircase leading down here.
An endoplasm comes into view.
An endoplasm is nearby!
An endoplasm is nearby!
A hobgoblin comes into view.
There are monsters nearby!
There are monsters nearby!
The helpless endoplasm fails to defend itself.
You impale the endoplasm!!
You kill the endoplasm!
A hobgoblin is nearby!
The hobgoblin shouts!
You see here a +0 spear.
A hobgoblin is nearby!
An endoplasm comes into view.
You see here a +0 spear.
There are monsters nearby!
You hit the hobgoblin but do no damage. The hobgoblin hits you.
You are too injured to fight recklessly!
There are monsters nearby!
You are too injured to fight recklessly!
You are too injured to fight recklessly! 😮 HP[-4]
You take 4 damage, and now have 9/13 hp.
MASSIVE DAMAGE!! (PAUSE)
You hit the hobgoblin. The hobgoblin misses you. 😕 HP[+1]
Casting: Ensorcelled Hibernation (safe; 13% risk of failure)
Confirm with . or Enter, or press ? or * to list all spells.
Aiming: Ensorcelled Hibernation (safe; 13% risk of failure)
Press: ? - help, Shift-Dir - straight line, f - hobgoblin
Aim: a hobgoblin (heavily wounded, chance to affect: 59%)
The hobgoblin resists with significant effort.
The hobgoblin completely misses you. 😕 MP[-2]
You lost 2 mp, and now have 4/6 mp.
You hit the hobgoblin. The hobgoblin hits you. 😮 HP[-3]
You take 3 damage, and now have 7/13 hp.
MASSIVE DAMAGE!! (PAUSE)
You see here a +0 spear.
You barely miss the hobgoblin. The hobgoblin misses you. 😮 HP[+1]
You hit the hobgoblin but do no damage. The hobgoblin misses you.
You hit the hobgoblin.
You kill the hobgoblin!
You hit the endoplasm. The endoplasm freezes you.
You are frozen.
* * * LOW HITPOINT WARNING * * *
😨 HP[-3]
You take 3 damage, and now have 5/13 hp.
MASSIVE DAMAGE!! (PAUSE)
Casting: Ensorcelled Hibernation (safe; 13% risk of failure)
Confirm with . or Enter, or press ? or * to list all spells.
Aiming: Ensorcelled Hibernation (safe; 13% risk of failure)
Press: ? - help, Shift-Dir - straight line, f - endoplasm
Aim: an endoplasm (heavily wounded, chance to affect: 59%)
The endoplasm resists with significant effort.
The endoplasm freezes you.
You are frozen.
* * * LOW HITPOINT WARNING * * *
😱 HP[-3] MP[-2]
You take 3 damage, and now have 2/13 hp.
MASSIVE DAMAGE!! (PAUSE)
You lost 2 mp, and now have 2/6 mp.
Casting: Ensorcelled Hibernation (safe; 13% risk of failure)
Confirm with . or Enter, or press ? or * to list all spells.
Aiming: Ensorcelled Hibernation (safe; 13% risk of failure)
Press: ? - help, Shift-Dir - straight line, f/p - endoplasm
Aim: an endoplasm (heavily wounded, chance to affect: 59%)
You miscast Ensorcelled Hibernation.
You are very lightly contaminated with residual magic.
Nothing appears to happen.
The endoplasm barely misses you. 😱 MP[-2]
You lost 2 mp, and now have 0/6 mp.
Unknown command. 😱 MP[+1]
The endoplasm hits you.
* * * LOW HITPOINT WARNING * * *
😱 HP[-1]
You take 1 damage, and now have 1/13 hp. 😱 HP[+1]
The endoplasm freezes you.
You are frozen.
You die...

Action                     || total
---------------------------++-------
  Melee: Dagger            ||    27
   Cast: Ensorcelled Hiber ||     2
   Stab: Sleeping          ||     6
  Dodge: Dodged            ||    17

Levels and vault maps discovered:
D:1:      minmay_arrival_shattered_statue, layout_basic,
          nicolae_concentric_dashed_squares_wild

Notes
Turn   | Place    | Note
-------+----------+-------------------------------------------
     0 | D:1      | kae the Spriggan Enchanter began the quest for the Orb.
     0 | D:1      | Reached XP level 1. HP: 9/9 MP: 5/5
     0 | D:1      | magus.rc [v1.11.3]
   249 | D:1      | Reached XP level 2. HP: 13/13 MP: 6/6
   256 | D:1      | Learned a level 2 spell: Ensorcelled Hibernation
   314 | D:1      | HP: 2/13 [frozen (4)]
   323 | D:1      | Frozen to death by an endoplasm

Vanquished Creatures
  A dart slug (D:1)
  2 ball pythons (D:1)
  2 endoplasms (D:1)
  A hobgoblin (D:1)
  A quokka (D:1)
  2 bats (D:1)
  A frilled lizard (D:1)
  A rat (D:1)
11 creatures vanquished.

Table legend:
 A = Non-vault XP
 B = Vault XP
 C = Vault XP percentage of total XP
 D = Non-vault monster count
 E = Vault monster count
 F = Vault count percentage of total count
                 A         B        C        D         E       F
            +---------+---------+-------+---------+---------+-------
      Total |      20 |       0 |   0.0 |      11 |       0 |   0.0
            +---------+---------+-------+---------+---------+-------
        D:1 |      20 |       0 |   0.0 |      11 |       0 |   0.0
            +---------+---------+-------+---------+---------+-------

Illustrated notes

Table legend:
 A = Kills in this place as a percentage of kills in entire the game.
 B = Kills by you in this place as a percentage of kills by you in the entire game.
 C = Kills by friends in this place as a percentage of kills by friends in the entire game.
 D = Other kills in this place as a percentage of other kills in the entire game.
 E = Experience gained in this place as a percentage of experience gained in the entire game.
 F = Experience gained in this place divided by the number of levels of this place that you have seen.
                   A       B       C       D       E      F
               +-------+-------+-------+-------+-------+----------------------
         Total | 100.0 | 100.0 |   N/A |   N/A | 100.0 |  20.0
       Dungeon | 100.0 | 100.0 |   N/A |   N/A | 100.0 |  20.0
               +-------+-------+-------+-------+-------+----------------------

Table legend: (Time is in decaauts)
 A = Elapsed time spent in this place.
 B = Non-inter-level travel time spent in this place.
 C = Inter-level travel time spent in this place.
 D = Time resting spent in this place.
 E = Time spent auto-exploring this place.
 F = Levels seen in this place.
 G = Mean time per level.
                   A        B        C        D        E       F      G
               +--------+--------+--------+--------+--------+-----+--------+
         Total |    218 |    218 |      0 |      0 |    119 |   1 |  218.0 |
       Dungeon |    218 |    218 |      0 |      0 |    119 |   1 |  218.0 |
               +--------+--------+--------+--------+--------+-----+--------+

Top non-repeatable levels by time:
     D:1: 218 daAuts
